 Dungeon Crawl Stone Soup version 0.18.1-8-gdd0e5ea (webtiles) character file.

152952 markolepsija72 the Fencer (level 17, -7/106 HPs)
             Began as a Tengu Berserker on June 11, 2016.
             Was the Champion of Trog.
             Mangled by a salamander mystic
             ... wielding a +1 quarterstaff of speed
              (16 damage)
             ... on level 4 of the Snake Pit.
             The game lasted 01:14:24 (30208 turns).

markolepsija72 the Fencer (Tengu Berserker)        Turns: 30208, Time: 01:14:25

Health: -7/106     AC: 27    Str: 25    XL:     17   Next: 59%
Magic:  18/18      EV: 16    Int:  8    God:    Trog [******]
Gold:   1503       SH: 14    Dex: 18    Spells: 0 memorised, 16 levels left

rFire  . . .     SeeInvis .     N - +6 demon blade (venom)
rCold  . . .     Gourm    .     P - +8 chain mail of the Will of the Gods {Str+2}
rNeg   . . .     Faith    .     t - +0 shield {reflect}
rPois  .         Spirit   .     (helmet restricted)
rElec  .         Dismiss  .     b - +1 cloak {MR+}
rCorr  .         Reflect  +     (no gloves)
SustAt .         Harm     .     (boots unavailable)
MR     +++..                    T - amulet of regeneration
Stlth  ..........               j - +4 ring of dexterity
                                X - ring of protection from magic

@: lethally poisoned (-7 -> -20), exhausted, hasted and slowed, extremely
resistant to hostile enchantments, extremely unstealthy
A: beak, claws 1, talons 3, rough black scales 1, mutation resistance 1, able to
fly 2
a: Fly, Berserk, Trog's Hand, Brothers in Arms, Burn Spellbooks, Renounce
Religion


You were on level 4 of the Snake Pit.
You worshipped Trog.
Trog was exalted by your worship.
You were near starving.

You visited 4 branches of the dungeon, and saw 23 of its levels.
You also visited: Sewer.

You collected 1503 gold pieces.

Inventory:

Hand Weapons
 M - a +2 scimitar of flaming
 N - a +6 demon blade of venom (weapon)
Missiles
 B - 3 throwing nets
 Z - 7 poisoned javelins (quivered)
Armour
 b - a +1 cloak of magic resistance (worn)
 t - a +0 shield of reflection (worn)
 P - the +8 chain mail of the Will of the Gods (worn) {Str+2}
   (You found it on level 1 of the Lair of Beasts)

   It affects your strength (+2).
Jewellery
 f - the ring of Xom's Scorn {Wiz SInv}
   (You found it on level 2 of the Lair of Beasts)

   [ring of wizardry]

   It improves your spell success rate.
   It lets you see invisible.
 j - a +4 ring of dexterity (right claw)
 l - an uncursed ring of stealth
 m - an uncursed ring of protection from fire
 s - an uncursed ring of resist corrosion
 y - an uncursed ring of protection from cold
 z - an uncursed ring of positive energy
 C - an uncursed ring of magical power
 E - an uncursed ring of ice
 T - an amulet of regeneration (around neck)
 U - a +5 ring of intelligence
 V - an uncursed amulet of rage
 X - a ring of protection from magic (left claw)
Wands
 a - a wand of teleportation (4/9)
 v - a wand of digging (8/24)
 A - a wand of teleportation (5/9)
 D - a wand of teleportation (3/9)
 H - a wand of iceblast (10/15)
 J - a wand of flame (29/48)
 K - a wand of lightning (7/15)
Scrolls
 e - 4 scrolls of magic mapping
 i - 7 scrolls of remove curse
 o - 6 scrolls of teleportation
 w - 3 scrolls of fog
 x - 3 scrolls of identify
 F - a scroll of silence
 G - 2 scrolls of amnesia
 L - 2 scrolls of recharging
Potions
 d - 3 potions of resistance
 h - 2 potions of magic
 k - 2 potions of lignification
 n - 3 potions of haste
 p - 5 potions of might
 q - 4 potions of heal wounds
 u - 3 potions of curing
 I - 3 potions of invisibility
 O - 2 potions of brilliance
 Q - 2 potions of cure mutation
 R - 2 potions of ambrosia
 Y - 2 potions of agility
Books
 S - a book of Battle

   Spells                             Type                      Level
   a - Infusion                       Charms                       1
   b - Shroud of Golubria             Charms/Translocation         2
   c - Song of Slaying                Charms                       2
   d - Spectral Weapon                Hexes/Charms                 3
   e - Regeneration                   Charms/Necromancy            3
   Trog disapproves of the use of such an item.
Miscellaneous
 W - a plain deck of changes
Comestibles
 c - 15 bread rations
 g - 10 meat rations
 r - 9 fruits


   Skills:
 + Level 12.2 Fighting
   Level 6.2(14.2) Short Blades
 + Level 19.3(19.5) Long Blades
 + Level 7.1 Throwing
 + Level 13.3 Armour
 + Level 11.9 Dodging
 + Level 12.5 Shields


You had 16 spell levels left.
You didn't know any spells.

Dungeon Overview and Level Annotations

Branches:
Dungeon (10/15)            Temple (0/1) D:7            Lair (8/8) D:10
 Shoals (0/4) Lair:6        Snake (4/4) Lair:5        Slime (1/6) Lair:6
    Orc: D:9-12

Altars:
Elyvilon
Fedhas
Gozag
Kikubaaqudgha
Okawaru
Pakellas
Ru
Yredelemnul

Shops:
Snake:2 (

Annotations:
Lair:6 exclusion: oklob plant


Innate Abilities, Weirdness & Mutations

You have a beak for a mouth.
You have claws for feet.
You can fly continuously.
You have sharp fingernails.
You are partially covered in rough black scales (AC +4, Dex -1).
You are somewhat resistant to further mutation.


Message History

You see here 2 arrows.
You are no longer berserk.
You are exhausted.
You feel yourself slow down.
You are near starving!
You feel sick.
The naga mage points at you and mumbles some strange words.
The poison arrow hits you!
You are more poisoned.
* * * LOW HITPOINT WARNING * * *
Drink which item? (? for menu, Esc to quit)
You feel yourself speed up.
You feel very sick.
* * * LOW HITPOINT WARNING * * *
You are more poisoned.
The naga ritualist's toxic aura wanes.
The salamander mystic hits you with a quarterstaff of speed!
* * * LOW HITPOINT WARNING * * *
You are engulfed in flames!
You die...

#...##NN.#.....................#
#...##Ni##..........N..#.......#
#...##..##.......(...N.........#
'...##..##..........N....(.....#(
#...##N.#N.N...#................#
##..##.............#......)()....
#####...N..#............(.......
#....NN.NN(.N....).#........
##......###@..⌠...(##..#....
#.....##..(........##......
#....##.............#......
##....#..#.....#....#......
#....#.............#......
###......)[(.).....#....##
####...).........#
####)..##.S.###### #
#####(#.............


You could see a naga warrior, a greater naga, a salamander mystic, 3
salamanders, a naga ritualist, a black mamba (wandering), a naga mage and 3
nagas.

Vanquished Creatures
  Jorgrun (Snake:3)
  Agnes (Snake:4)
  An azure jelly (Lair:6)
  9 greater nagas
  Donald (Snake:1)
  The ghost of schammes the Geomancer, a journeyman GrEE of Qazlal (Lair:4)
  Josephine (Lair:6)
  10 hydras
  21 naga warriors
  A catoblepas (Lair:8)
  Erica (Lair:1)
  19 death yaks
  11 anacondas
  A deep troll shaman (Lair:8)
  8 shock serpents
  11 naga sharpshooters
  Urug (Lair:1)
  The ghost of nezrel the Cleaver, a novice MiFi of Okawaru (D:9)
  2 fire crabs (Lair:7)
  3 salamander mystics
  An unseen horror (D:10)
  A lindwurm (Lair:8)
  2 hill giants
  13 naga ritualists
  Pikel (D:4)
  15 mana vipers
  11 elephants
  7 salamanders
  A siren (Lair:6)
  44 black mambas
  20 naga magi
  5 guardian serpents
  A gargoyle (D:10)
  13 spiny frogs
  3 komodo dragons
  2 trolls
  Grinder (D:3)
  A two-headed ogre (D:9)
  6 slime creatures (Lair:6)
  A boulder beetle (Lair:8)
  8 blink frogs
  3 wraiths (Lair:6)
  Sigmund (D:3)
  45 yaks
  8 hippogriffs
  2 basilisks
  53 nagas
  4 porcupines
  16 water moccasins
  A sky beast (D:10)
  An orc warrior (D:6)
  2 ice beasts
  2 black bears
  2 ogres
  4 centaurs
  18 wolves
  12 crocodiles
  A big kobold (D:8)
  10 giant frogs
  Blork the orc (D:4)
  4 scorpions
  8 wights
  2 vampire bats (D:6)
  7 crimson imps
  A hound (D:10)
  A quasit (D:10)
  Crazy Yiuf (D:2)
  3 jellies
  5 orc wizards
  2 centaur skeletons
  8 iguanas
  Terence (D:2)
  Ijyb (D:3)
  Natasha (thrice) (D:3)
  6 worker ants
  9 sheep (Lair:7)
  A hound zombie (D:8)
  4 hound skeletons
  2 howler monkey skeletons
  10 adders
  4 gnolls (D:6)
  34 river rats
  2 adder skeletons
  5 adder zombies
  2 worms
  A dart slug (D:2)
  9 giant geckos
  17 orcs
  6 ball pythons
  7 bats
  2 bat skeletons (D:6)
  4 bat zombies (D:6)
  4 giant cockroaches
  3 goblins
  6 hobgoblins
  18 jackals
  4 quokkas
  2 giant gecko skeletons
  A giant gecko zombie (D:5)
  10 giant newts
  8 kobolds
  A quokka skeleton (D:6)
  A quokka zombie (D:7)
  4 rats
  A fungus (Lair:7)
  3 plants
686 creatures vanquished.

Vanquished Creatures (others)
  A fire dragon (D:4)
  2 naga sharpshooters
  A naga ritualist (Snake:4)
  A naga (Snake:3)
  An ogre (D:4)
  A hound (D:4)
  A bush (Lair:7)
  47 fungi
  28 plants
83 creatures vanquished.

Grand Total: 769 creatures vanquished

Notes
Turn   | Place    | Note
--------------------------------------------------------------
     0 | D:1      | markolepsija72 the Tengu Berserker began the quest for the Orb.
     0 | D:1      | Reached XP level 1. HP: 14/14 MP: 2/2
   207 | D:1      | Reached XP level 2. HP: 19/19 MP: 3/3
   684 | D:2      | Reached XP level 3. HP: 23/23 MP: 4/4
   963 | D:2      | Noticed Crazy Yiuf
   968 | D:2      | Killed Crazy Yiuf
   968 | D:2      | Reached skill level 4 in Long Blades
   968 | D:2      | Reached XP level 4. HP: 29/29 MP: 5/5
  1301 | D:2      | Reached ** piety under Trog
  1417 | D:2      | Found a faded altar to an unknown god.
  1425 | D:2      | Noticed Terence
  1434 | D:2      | Killed Terence
  1434 | D:2      | Gained mutation: You can fly. [Tengu growth]
  1434 | D:2      | Reached XP level 5. HP: 33/33 MP: 6/6
  1585 | D:3      | Noticed Natasha
  1593 | D:3      | Killed Natasha
  1828 | D:3      | Found a blossoming altar of Fedhas.
  1846 | D:3      | Found an iron altar of Okawaru.
  1873 | D:3      | Noticed Grinder
  1880 | D:3      | Killed Grinder
  1880 | D:3      | Reached XP level 6. HP: 38/38 MP: 7/7
  1953 | D:3      | Noticed Ijyb
  1959 | D:3      | Killed Ijyb
  1985 | D:3      | Noticed Natasha
  2005 | D:3      | Killed Natasha
  2005 | D:3      | Reached skill level 5 in Long Blades
  2035 | D:3      | Noticed Natasha
  2040 | D:3      | Killed Natasha
  2040 | D:3      | Reached XP level 7. HP: 43/43 MP: 8/8
  2367 | D:3      | Noticed Sigmund
  2373 | D:3      | Killed Sigmund
  2373 | D:3      | Reached skill level 5 in Armour
  2534 | D:3      | Reached *** piety under Trog
  2657 | D:4      | Gained mutation: You are partially covered in rough black scales (AC +4, Dex -1). [potion of mutation]
  2657 | D:4      | Gained mutation: You have sharp fingernails. [potion of mutation]
  2657 | D:4      | Gained mutation: You are somewhat resistant to further mutation. [potion of mutation]
  2672 | D:4      | Noticed Blork the orc
  2677 | D:4      | Killed Blork the orc
  2870 | D:4      | Noticed Pikel
  2878 | D:4      | Killed Pikel
  2878 | D:4      | Reached skill level 5 in Dodging
  2878 | D:4      | Reached XP level 8. HP: 48/48 MP: 9/9
  3098 | D:4      | Reached skill level 5 in Fighting
  3182 | D:4      | Found an oddly glowing altar of Pakellas.
  3182 | D:4      | Noticed a fire dragon
  3198 | D:4      | Killed a fire dragon
  3883 | D:4      | Got a slimy short sword
  3884 | D:4      | Identified the +9 short sword of Viloedud {pierce, rF+ MP-9 Int+2 SInv} (You found it on level 4 of the Dungeon)
  3895 | D:5      | Entered Level 5 of the Dungeon
  4018 | D:5      | Reached skill level 6 in Long Blades
  4452 | D:6      | Found a glowing drain.
  4487 | D:6      | Received a gift from Trog
  4500 | Sewer    | Entered a sewer
  4880 | Sewer    | Reached skill level 1 in Short Blades
  6057 | D:6      | Found an ancient bone altar of Kikubaaqudgha.
  6069 | D:6      | Reached skill level 1 in Throwing
  6069 | D:6      | Reached skill level 1 in Shields
  6069 | D:6      | Reached XP level 9. HP: 54/54 MP: 1/10
  6156 | D:6      | Reached **** piety under Trog
  6296 | D:6      | Found a sacrificial altar of Ru.
  6620 | D:7      | Found a staircase to the Ecumenical Temple.
  6840 | D:7      | Reached skill level 7 in Long Blades
  7621 | D:8      | Found an opulent altar of Gozag.
  8182 | D:9      | Noticed nezrel's ghost (novice MiFi)
  8193 | D:9      | Killed nezrel's ghost
  8193 | D:9      | Reached XP level 10. HP: 60/60 MP: 2/11
  8247 | D:9      | Noticed a hill giant
  8256 | D:9      | Killed a hill giant
  8301 | D:9      | Reached skill level 8 in Long Blades
  8469 | D:9      | Found a white marble altar of Elyvilon.
  9182 | D:10     | Entered Level 10 of the Dungeon
  9205 | D:10     | Received a gift from Trog
  9317 | D:10     | Noticed a hill giant
  9328 | D:10     | Killed a hill giant
  9328 | D:10     | Reached skill level 5 in Short Blades
  9420 | D:10     | Reached XP level 11. HP: 23/66 MP: 3/12
  9426 | D:10     | Reached ***** piety under Trog
  9742 | D:10     | Found a staircase to the Lair.
  9769 | D:10     | Reached skill level 9 in Long Blades
  9842 | D:10     | Noticed an unseen horror
  9848 | D:10     | Killed an unseen horror
 10225 | Lair:1   | Entered Level 1 of the Lair of Beasts
 10231 | Lair:1   | Noticed Urug
 10237 | Lair:1   | Killed Urug
 10237 | Lair:1   | Reached skill level 5 in Shields
 10771 | Lair:1   | Got a steaming chain mail
 10782 | Lair:1   | Identified the +8 chain mail of the Will of the Gods {Str+2} (You found it on level 1 of the Lair of Beasts)
 10807 | Lair:1   | Noticed Erica
 10829 | Lair:1   | Killed Erica
 11137 | Lair:1   | Reached skill level 10 in Dodging
 11846 | Lair:2   | Identified a scroll of acquirement
 11847 | Lair:2   | Got a dazzling double sword
 11848 | Lair:2   | Identified the +7 double sword of Extinguishment {slice, Str-2 Dex+8} (You acquired it on level 2 of the Lair of Beasts)
 11868 | Lair:2   | Got a slimy amber ring
 11939 | Lair:2   | Identified the ring of Xom's Scorn {Wiz SInv} (You found it on level 2 of the Lair of Beasts)
 12401 | Lair:2   | Noticed a four-headed hydra
 12410 | Lair:2   | Killed a one-headed hydra
 12773 | Lair:3   | Noticed an eight-headed hydra
 12773 | Lair:3   | Reached skill level 10 in Long Blades
 12779 | Lair:3   | Reached XP level 12. HP: 61/72 MP: 13/13
 12803 | Lair:3   | Killed a four-headed hydra
 13155 | Lair:3   | Noticed an eight-headed hydra
 13167 | Lair:3   | Killed a six-headed hydra
 13167 | Lair:3   | Received a gift from Trog
 13490 | Lair:3   | Noticed an eight-headed hydra
 13498 | Lair:3   | Killed a six-headed hydra
 13498 | Lair:3   | Reached skill level 11 in Long Blades
 13955 | Lair:4   | Noticed schammes's ghost (journeyman GrEE)
 13981 | Lair:4   | Killed schammes's ghost
 13981 | Lair:4   | Reached skill level 10 in Armour
 14687 | Lair:5   | Reached skill level 12 in Long Blades
 14854 | Lair:5   | Reached XP level 13. HP: 78/78 MP: 14/14
 14979 | Lair:5   | Found a staircase to the Snake Pit.
 15399 | Snake:1  | Entered Level 1 of the Snake Pit
 15695 | Lair:6   | Reached skill level 13 in Long Blades
 15696 | Lair:6   | Noticed Josephine
 15705 | Lair:6   | Killed Josephine
 15808 | Lair:6   | Found a staircase to the Slime Pits.
 15902 | Lair:6   | Received a gift from Trog
 16503 | Lair:7   | Found a basalt altar of Yredelemnul.
 16958 | Lair:7   | Reached skill level 14 in Long Blades
 17257 | Lair:7   | Gained mutation: You can fly continuously. [Tengu growth]
 17257 | Lair:7   | Reached XP level 14. HP: 86/86 MP: 15/15
 17282 | Lair:7   | Received a gift from Trog
 17287 | Lair:7   | Got a shimmering broad axe {god gift}
 17288 | Lair:7   | Identified the +2 broad axe "Siemaj" {drain, rPois rF++ rC-} (Trog gifted it to you on level 7 of the Lair of Beasts)
 17748 | Lair:8   | Entered Level 8 of the Lair of Beasts
 17949 | Lair:8   | Reached skill level 15 in Long Blades
 18540 | Lair:8   | Reached skill level 16 in Long Blades
 19181 | Lair:6   | Received a gift from Trog
 19181 | Lair:6   | Reached skill level 10 in Fighting
 19255 | Lair:6   | Found a staircase to the Shoals.
 19268 | Lair:6   | Reached ****** piety under Trog
 19500 | Slime:1  | Entered Level 1 of the Pits of Slime
 19500 | Slime:1  | Noticed an azure jelly
 19675 | Lair:6   | Killed an azure jelly
 19725 | Slime:1  | Noticed an acid blob
 20025 | Snake:1  | Reached XP level 15. HP: 82/92 MP: 10/16
 20386 | Snake:1  | Reached skill level 5 in Throwing
 20490 | Snake:1  | Received a gift from Trog
 20707 | Snake:1  | Reached skill level 17 in Long Blades
 20850 | Snake:1  | Noticed Donald
 20869 | Snake:1  | Killed Donald
 20957 | Snake:1  | Reached skill level 10 in Shields
 21773 | Snake:2  | Found Suseor's Weapon Shoppe.
 23836 | Snake:3  | Noticed Jorgrun
 23847 | Snake:3  | Killed Jorgrun
 23847 | Snake:3  | Received a gift from Trog
 23847 | Snake:3  | Reached skill level 18 in Long Blades
 23847 | Snake:3  | Reached XP level 16. HP: 99/99 MP: 17/17
 23886 | Snake:3  | HP: 3/99 [black mamba (5)]
 25134 | Snake:3  | Noticed a greater naga
 25141 | Snake:3  | Killed a greater naga
 25341 | Snake:4  | Entered Level 4 of the Snake Pit
 27264 | Snake:4  | Received a gift from Trog
 27438 | Snake:4  | Noticed a greater naga
 27593 | Snake:4  | Killed a greater naga
 27818 | Snake:4  | Received a gift from Trog
 28229 | Snake:4  | Reached XP level 17. HP: 27/106 MP: 18/18
 28941 | Snake:3  | Reached skill level 19 in Long Blades
 29788 | Snake:4  | Received a gift from Trog
 30184 | Snake:4  | Noticed Agnes
 30204 | Snake:4  | Killed Agnes
 30208 | Snake:4  | Mangled by a salamander mystic

Skill      XL: |  1  2  3  4  5  6  7  8  9 10 11 12 13 14 15 16 17 |
---------------+----------------------------------------------------+-----
Long Blades    | 4 5 6 7 8 10 12 14 16 18 19 | 19.3
Armour         | 3 4 6 7 8 9 10 11 12 13 | 13.3
Dodging        | 3 4 5 6 8 9 10 11 | 11.9
Fighting       | 4 5 6 7 8 9 10 11 12 | 12.2
Short Blades   | 1 4 5 6 |  6.2
Throwing       | 1 3 4 5 7 |  7.1
Shields        | 1 3 4 6 7 8 9 10 11 12 | 12.5

Action                   |  1- 3 |  4- 6 |  7- 9 | 10-12 | 13-15 | 16-18 || total
-------------------------+-------+-------+-------+-------+-------+-------++-------
Melee: Falchion          |    76 |    58 |    67 |       |       |       ||   201
       Kick              |    18 |    15 |    99 |   168 |   470 |   264 ||  1034
       Peck              |    11 |    15 |    63 |   115 |   300 |   195 ||   699
       Short sword       |       |       |   261 |   194 |       |       ||   455
       Scimitar          |       |       |       |    32 |    55 |       ||    87
       Double sword      |       |       |       |    77 |       |       ||    77
       Demon blade       |       |       |       |   160 |   935 |   602 ||  1697
Throw: Javelin           |       |       |    33 |     5 |    51 |    78 ||   167
       Tomahawk          |       |       |     4 |     1 |     1 |       ||     6
       Throwing net      |       |       |     1 |       |       |     2 ||     3
Invok: Berserk           |     1 |     4 |     8 |    17 |    28 |    18 ||    76
       Burn Spellbooks   |       |       |       |       |     1 |       ||     1
 Abil: Fly               |       |       |     6 |       |       |       ||     6
  Use: Scroll            |     4 |     3 |    11 |    12 |     6 |     1 ||    37
       Potion            |     5 |       |     3 |     1 |     2 |    10 ||    21
 Stab: Sleeping          |       |       |     6 |       |       |       ||     6
       Distracted        |       |       |     1 |       |       |       ||     1
       Held in net/web   |       |       |       |       |       |     1 ||     1
  Eat: Chunk             |       |     8 |    22 |    35 |    37 |     4 ||   106
       Pizza             |       |       |     2 |     2 |     2 |       ||     6
       Fruit             |       |       |     3 |     7 |     3 |    40 ||    53
       Beef jerky        |       |       |       |       |     8 |       ||     8
       Royal jelly       |       |       |       |       |     1 |       ||     1
Armor: Ring mail         |    28 |    19 |    97 |    24 |       |       ||   168
       Chain mail        |       |       |       |   138 |   308 |   185 ||   631
Dodge: Dodged            |    49 |    33 |   116 |   167 |   355 |   174 ||   894
Block: Shield            |       |       |   109 |   208 |   470 |   339 ||  1126
       Reflection        |       |       |       |       |    13 |    72 ||    85
